 Dungeon Crawl Stone Soup version 0.31-a0-210-gccc998d (webtiles) character file.

Game seed: 3547964136337001969

3308 Dawnplanks the Grappler (level 9, -6/67 HPs)
             Began as a Green Draconian Transmuter on June 30, 2023.
             Was an Initiate of Yredelemnul.
             Mangled by a death yak (13 damage)
             ... on level 9 of the Dungeon.
             The game lasted 00:17:04 (6994 turns).

Dawnplanks the Grappler (DrTm)                      Turns: 6994, Time: 00:17:04

Health: -6/67      AC:  6    Str: 17    XL:     9   Next: 70%
Magic:  17/19      EV: 21    Int: 13    God:    Yredelemnul [......]
Gold:   264        SH:  0    Dex: 17    Spells: 15/21 levels left

rFire   + .          .
                       - Unarmed
rCold   . . .        (shield currently unavailable)
rNeg    . . .        (body armour unavailable)
rPois   x            (helmet currently unavailable)
rElec   .            q - melded scarf {rC+ rF+}
rCorr   .            (gloves currently unavailable)
SInv    .            (boots currently unavailable)
Will    .....        (no amulet)
Stlth   ++           k - ring of flight
HPRegen 0.31/turn    m - ring "Uhoet" {rF+ AC+4}
MPRegen 0.16/turn

%: no passive effects
@: short of breath, spider-form (expiring), flying
A: venomous fangs, (breathe noxious fumes), AC +7, tiny, unfitting armour,
(poison resistance), (cold-blooded)
a: End Transformation, Renounce Religion, Recall Undead Harvest


You were on level 9 of the Dungeon.
You worshipped Yredelemnul.
Yredelemnul was noncommittal.
You were a venomous arachnid creature.
You visited 2 branches of the dungeon, and saw 10 of its levels.
You also visited: Ossuary.

You collected 264 gold pieces.

Inventory:

Hand Weapons
 g - a +1 short sword of flaming
 y - a +5 great sword
Missiles
 c - a throwing net
Armour
 q - a scarf of resistance (melded)
Jewellery
 k - a ring of flight (left front pincers)
 m - the ring "Uhoet" (right front pincers) {rF+ AC+4}
   (You found it on level 2 of the Dungeon)

   [ring of protection]

   AC:        It affects your AC (+4).
   rF:        It protects you from fire.
 A - a +6 ring of dexterity
 D - a +6 ring of strength
Wands
 u - a wand of polymorph (10)
 z - a wand of iceblast (11)
 C - a wand of charming (8)
 E - a wand of acid (8)
 F - a wand of flame (15)
Scrolls
 d - 2 scrolls of immolation {unknown}
 h - 3 scrolls of teleportation {unknown}
 j - 2 scrolls of vulnerability {unknown}
 l - 5 scrolls of identify {unknown}
 n - 2 scrolls of revelation {unknown}
 r - a scroll of amnesia {unknown}
 s - a scroll of poison {unknown}
 v - a scroll of fog {unknown}
 w - a scroll of silence {unknown}
 B - a scroll of noise {unknown}
Potions
 a - 3 potions of lignification
 b - 3 potions of attraction {unknown}
 e - 8 potions of enlightenment {unknown}
 f - 2 potions of brilliance {unknown}
 i - 3 potions of resistance {unknown}
 o - 3 potions of mutation {unknown}
 p - 5 potions of might {unknown}
 t - 8 potions of curing {unknown}
 x - 2 potions of heal wounds {unknown}


   Skills:
 + Level 2.3 Fighting
 + Level 4.4 Dodging
 + Level 3.1 Stealth
 + Level 8.4 Unarmed Combat
 + Level 6.7 Spellcasting
 + Level 6.4 Transmutations
 + Level 2.2 Poison Magic
 + Level 0.2 Invocations


You had 15 spell levels left.
You knew the following spells:

 Your Spells              Type           Power      Damage    Failure   Level
a - Beastly Appendage     Tmut           42%        N/A       5%          1
b - Wereblood             Tmut           21%        N/A       7%          2
c - Spider Form           Tmut/Pois      15%        N/A       21%         3

Your spell library contained the following spells:

 Spells                   Type           Power      Damage    Failure   Level
 Passwall                 Tmut/Erth      10%        N/A       17%         2
 Foxfire                  Conj/Fire      16%        2x1d4     34%         1
 Sandblast                Erth           8%         2d5       34%         1
 Ice Form                 Ice/Tmut       12%        N/A       61%         4
 Stone Arrow              Conj/Erth      8%         3d7       65%         3
 Fireball                 Conj/Fire      2%         3d4       100%        5
 Plasma Beam              Fire/Air       2%         2x1d12    100%        6
 Starburst                Conj/Fire      2%         6d3       100%        6


Dungeon Overview and Level Annotations

Branches:
Dungeon (9/15)             Temple (1/1) D:4         Ossuary (visited)
   Lair: D:8-11         Orc: D:9-12

Altars:
Ashenzari
Cheibriados
Elyvilon
Fedhas
Gozag
Kikubaaqudgha
Makhleb
Okawaru
Ru
Sif Muna
Trog
Vehumet
Wu Jian
Xom
Yredelemnul
The Shining One

Shops:
D:5 (   D:6 =

Annotations:
D:7 1 runed translucent door


Innate Abilities, Weirdness & Mutations

You are a venomous arachnid creature.
You have venomous fangs.
You are tiny and dextrous.
Your spellcasting is less reliable in this form.
Your armour is entirely melded.
You are incapable of wielding weapons or throwing items.
((You can breathe blasts of noxious fumes.))
((Your lurid green scales are hard. (AC +7)))
You cannot fit into any form of body armour.
((Your system is resistant to poisons. (rPois)))
((You are cold-blooded and may be slowed by cold attacks.))


Message History

You hit the death yak but do no damage.
The death yak looks as sick as possible!
The death yak is lightly wounded.
The death yak is engulfed in noxious fumes.
The death yak appears confused.
The hell rat completely misses you. The hell rat barely misses you.
You hit the death yak but do no damage.
The death yak looks as sick as possible!
The death yak is lightly wounded.
The death yak barely misses you. The hell rat closely misses you.
You catch the helpless death yak completely off-guard!
You hit the death yak.
The death yak looks as sick as possible!
The death yak is moderately wounded.
The death yak gores you.
You hit the death yak.
The death yak looks as sick as possible!
The death yak is moderately wounded.
The death yak seems less confused.
The hell rat completely misses you.
You bite the death yak!
The death yak looks as sick as possible!
The death yak is heavily wounded.
Your transformation is almost over.
The hell rat bites you! The death yak gores you!! The death yak misses you.
The hell rat twitches its whiskers.
You hit the death yak but do no damage.
The death yak looks as sick as possible!
The death yak is heavily wounded.
The hell rat completely misses you. The death yak closely misses you.
The death yak gores you but does no damage.
The hell rat completely misses you. The hell rat bites you!
* * * LOW HITPOINT WARNING * * *
The hell rat attacks as you move away! The hell rat bites you.
* * * LOW HITPOINT WARNING * * *
The hell rat attacks as you move away! The hell rat barely misses you.
The hell rat attacks as you move away! The hell rat misses you.
The death yak seems less confused.
The death yak attacks as you move away! The death yak gores you!
You die...
Your body rises from the dead as a mindless zombie.

#.......#...
+..........#.
............
.....Y....
#.......###
#.$rrr.....
#.rrr......
#.YY.......
#.srr......
#.<........
#..........
#........###
#........#
#........#
.........#
..........#
####+##...##


You could see 3 death yaks, 3 hell rats, 3 river rats, a quokka and a rat.

Vanquished Creatures
  A gargoyle (D:7)
  Psyche (D:8)
  Prince Ribbit (D:6)
  Sigmund (D:6)
  A yak (D:8)
  A water moccasin (D:7)
  An orc warrior (D:8)
  A black bear (D:6)
  An ice beast (D:6)
  An ogre (D:6)
  3 centaurs
  2 phantoms
  2 bullfrogs
  6 water moccasin zombies (Ossuary)
  8 wights (D:6)
  4 howler monkeys
  An orc priest (D:8)
  2 jellies
  2 hounds
  2 orc wizards (D:8)
  2 mummies (Ossuary)
  An adder (D:3)
  A shadow imp (D:8)
  A white imp (D:6)
  4 adder zombies (Ossuary)
  A worm (D:4)
  A dart slug (D:1)
  11 orcs
  3 endoplasms (D:1)
  3 giant cockroaches
  6 goblins
  5 hobgoblins
  2 quokkas
  7 ball pythons
  4 bats
  4 frilled lizards
  3 gnoll zombies (Ossuary)
  9 hobgoblin zombies (Ossuary)
  8 kobolds
  A kobold zombie (Ossuary)
  3 orc zombies (Ossuary)
  3 rats
125 creatures vanquished.

Vanquished Creatures (collateral kills)
  A jelly (D:5)
  An orc (D:5)
2 creatures vanquished.

Vanquished Creatures (others)
  A bullfrog zombie (D:6)
  A black bear zombie (D:6)
  An ogre zombie (D:6)
  A hound zombie (D:6)
  A human zombie (D:6)
  4 orc zombies
9 creatures vanquished.

Grand Total: 136 creatures vanquished

Notes
Turn   | Place    | Note
-------+----------+-------------------------------------------
     0 | D:1      | Dawnplanks the Draconian Transmuter began the quest for the
                  | Orb.
     0 | D:1      | Reached XP level 1. HP: 16/16 MP: 3/3
   162 | D:1      | Reached XP level 2. HP: 23/23 MP: 3/5
   823 | D:2      | Found a burning altar of Makhleb.
  1089 | D:2      | Reached XP level 3. HP: 28/28 MP: 4/6
  1309 | D:2      | Identified the ring "Uhoet" {rF+ AC+4}
  1384 | D:2      | Learned a level 2 spell: Wereblood
  2569 | D:4      | Noticed a phantom
  2594 | D:4      | Killed a phantom
  2595 | D:4      | Reached skill level 4 in Unarmed Combat
  2595 | D:4      | Reached XP level 4. HP: 17/35 MP: 6/8
  2673 | D:4      | Reached XP level 5. HP: 38/40 MP: 5/9
  2700 | D:4      | Found a sand-covered staircase.
  2706 | Ossuary  | Entered an ossuary
  2756 | Ossuary  | Reached XP level 6. HP: 38/47 MP: 6/11
  2818 | Ossuary  | Reached skill level 5 in Unarmed Combat
  2942 | Ossuary  | Your scales start taking on a lurid green colour.
  2942 | Ossuary  | Reached XP level 7. HP: 51/52 MP: 10/13
  2942 | Ossuary  | Gained mutation: Your system is resistant to poisons.
                  | (rPois) [Green Draconian growth]
  3056 | D:4      | Found a staircase to the Ecumenical Temple.
  3069 | Temple   | Entered the Ecumenical Temple
  3216 | Temple   | Learned a level 3 spell: Spider Form
  3289 | Temple   | Became a worshipper of Yredelemnul the Dark
  3318 | D:5      | Entered Level 5 of the Dungeon
  3405 | D:5      | Found Xipiung's Antique Weapon Shoppe.
  3543 | D:5      | Reached * piety under Yredelemnul
  4072 | D:6      | Noticed Sigmund
  4105 | D:6      | Killed Sigmund
  4106 | D:6      | Reached skill level 1 in Stealth
  4142 | D:6      | Reached skill level 6 in Unarmed Combat
  4268 | D:6      | Reached XP level 8. HP: 59/59 MP: 13/15
  4297 | D:6      | Your ally Sigmund died
  4314 | D:6      | Reached skill level 5 in Spellcasting
  4734 | D:6      | Noticed Prince Ribbit
  4748 | D:6      | Killed Prince Ribbit
  4749 | D:6      | Reached skill level 7 in Unarmed Combat
  4749 | D:6      | Reached skill level 5 in Transmutations
  4749 | D:6      | Reached skill level 1 in Poison Magic
  4873 | D:6      | Found Hicziq's Jewellery Boutique.
  5436 | D:7      | Reached XP level 9. HP: 67/67 MP: 17/17
  5505 | D:7      | Found a runed translucent door.
  5515 | D:7      | Noticed a gargoyle
  5529 | D:7      | Killed a gargoyle
  5756 | D:7      | You are sucked into a shaft and drop 1 floor!
  5831 | D:8      | Noticed Psyche
  5838 | D:8      | Killed Psyche
  5839 | D:8      | Reached skill level 8 in Unarmed Combat
  6428 | D:8      | Reached ** piety under Yredelemnul
  6979 | D:9      | Noticed a death yak
  6981 | D:9      | Noticed a death yak
  6983 | D:9      | Noticed a death yak
  6994 | D:9      | Mangled by a death yak

Illustrated notes

Levels and vault maps discovered:
D:1:      nzn_arrival_settlement, layout_basic, kennysheep_flooded_box
D:2:      layout_loops_ring, basic_altar, roderic_serpentine_path
D:3:      layout_loops_ring
D:4:      layout_rooms, nicolae_overflow_crystal_walls, temple_green,
          nicolae_ossuary_entry_false_entrances, minmay_cupped
D:5:      layout_gridville, serial_shops, nicolae_stop_n_shop_2
D:6:      nicolae_cairo_tiling_very_big, layout_rooms, serial_shops,
          nicolae_shop_trees, dreamdust_princess_bridge, uniq_sigmund,
          uniq_prince_ribbit1
D:7:      layout_basic, lightli_church_of_beogh
D:8:      minmay_skewed_foursquare, layout_basic, nicolae_elevator_lobby_plus,
          uniq_psyche
D:9:      layout_irregular_city, lemuel_crystal_altar, jmf_multi_god_temple,
          dpeg_lair_monsters, hiddenorc1_lemuel
Temple:   eino_temple_rhombus

Skill      XL: |  1  2  3  4  5  6  7  8  9 |
---------------+----------------------------+-----
Dodging        | 2 3 4 |  4.4
Unarmed Combat | 4 5 6 7 8 |  8.4
Spellcasting   | 3 4 5 6 |  6.7
Transmutations | 3 4 5 6 |  6.4
Stealth        | 1 2 3 |  3.1
Poison Magic   | 1 2 |  2.2
Fighting       | 2 |  2.3
Invocations    | |  0.2

Action                     |  1- 3 |  4- 6 |  7- 9 || total
---------------------------+-------+-------+-------++-------
  Melee: Unarmed           |   138 |    89 |   210 ||   437
         Kick              |    22 |    22 |    35 ||    79
         Headbutt          |     8 |    19 |    20 ||    47
         Punch             |     3 |     2 |     3 ||     8
         Tailslap          |     6 |    13 |    23 ||    42
   Cast: Beastly Appendage |    40 |    10 |    29 ||    79
         Wereblood         |     2 |     7 |    13 ||    22
         Spider Form       |       |       |    15 ||    15
 Invoke: Recall Undead Har |       |       |     1 ||     1
         Dark Bargain      |       |       |     1 ||     1
Ability: Breathe Noxious F |       |       |     2 ||     2
    Use: Potion            |       |       |     1 ||     1
   Stab: Sleeping          |     1 |       |       ||     1
         Distracted        |       |       |     4 ||     4
         Confused          |       |       |     1 ||     1
 Armour: Skin              |    43 |    28 |    60 ||   131
  Dodge: Dodged            |    88 |    38 |   134 ||   260

Table legend: (Time is in decaauts)
 A = Elapsed time spent in this place.
 B = Non-inter-level travel time spent in this place.
 C = Inter-level travel time spent in this place.
 D = Time resting spent in this place.
 E = Time spent auto-exploring this place.
 F = Levels seen in this place.
 G = Mean time per level.
                   A        B        C        D        E       F      G
               +--------+--------+--------+--------+--------+-----+--------+
         Total |   6949 |   6669 |    280 |    117 |   5463 |  11 |  631.7 |
       Dungeon |   6407 |   6195 |    212 |     81 |   5176 |   9 |  711.9 |
        Temple |    230 |    162 |     68 |      0 |    141 |   1 |  230.0 |
       Ossuary |    311 |    311 |      0 |     36 |    146 |   1 |  311.0 |
               +--------+--------+--------+--------+--------+-----+--------+

Top non-repeatable levels by time:
     D:8: 1211 daAuts
     D:6: 1180 daAuts
     D:2: 941 daAuts
     D:5: 910 daAuts
     D:3: 895 daAuts
     D:1: 721 daAuts
     D:7: 333 daAuts
 Ossuary: 311 daAuts
  Temple: 230 daAuts
     D:4: 198 daAuts
     D:9: 14 daAuts
